 Dungeon Crawl Stone Soup version 0.32-a0-290-g598725c5f2 (webtiles) character file.

Game seed: 17521574363223595090

2999 zenocrate the Covert (level 9, 0/56 HPs)
             Began as an Octopode Delver on Feb 14, 2024.
             Succumbed to a hornet's poison
             ... on level 7 of the Dungeon.
             The game lasted 00:09:30 (7552 turns).

zenocrate the Covert (Octopode Delver)              Turns: 7552, Time: 00:09:30

Health: 0/56       AC:  2    Str: 11    XL:     9   Next: 84%
Magic:  19/19      EV: 18    Int: 18    God:
Gold:   339        SH:  0    Dex: 18    Spells: 7/10 levels left

rFire   . . .        a - +2 rapier (venom)
rCold   + . .        (no shield)
rNeg    + . .        d - +1 hat
rPois   .            (no amulet)
rElec   .            n - ring of protection from cold
rCorr   .            q - +6 ring of intelligence
SInv    .            w - ring of magical power
Will    .....        l - ring of flight
Stlth   ++++++       L - ring of positive energy
HPRegen 0.29/turn    (no ring)
MPRegen 0.16/turn    (no ring)
                     (no ring)

%: no passive effects
@: lethally poisoned (0 -> -8), flying, slowed, very slow
A: almost no armour, amphibious, 8 rings, camouflage 1, gelatinous body 1,
(nimble swimmer 1), tentacles
a: no special abilities


You were on level 7 of the Dungeon.
You visited 2 branches of the dungeon, and saw 8 of its levels.

You collected 430 gold pieces.
You spent 91 gold pieces at shops.

Inventory:

Hand Weapons
 a - a +2 rapier of venom (weapon)
 b - a +0 dagger of draining
 C - a +0 short sword
 N - a +0 rapier
Missiles
 h - 15 boomerangs
 p - a throwing net
 B - 4 poisoned darts (quivered)
Armour
 d - a +1 hat (worn)
 u - an orb of guile
Jewellery
 l - a ring of flight (on tentacle)
 n - a ring of protection from cold (left tentacle)
 q - a +6 ring of intelligence (right tentacle)
 w - a ring of magical power (on tentacle)
 L - a ring of positive energy (on tentacle)
Talismans
 D - a flux talisman
Wands
 f - a wand of digging (3)
 K - a wand of iceblast (4)
Scrolls
 c - a scroll of revelation
 g - a scroll of torment {unknown}
 k - 3 scrolls of poison
 m - 2 scrolls of brand weapon
 r - 2 scrolls of noise {unknown}
 s - 4 scrolls of amnesia
 x - a scroll of silence {unknown}
 y - a scroll of fog
 A - 4 scrolls of teleportation
 F - a scroll of vulnerability {unknown}
 J - a scroll of immolation {unknown}
 M - 2 scrolls of identify
 O - a scroll of butterflies {unknown}
Potions
 e - a potion of enlightenment
 i - 2 potions of attraction
 o - a potion of haste
 t - a potion of brilliance
 v - a potion of mutation
 E - a potion of lignification {unknown}
 H - a potion of cancellation {unknown}
 I - 2 potions of might
 P - a potion of resistance {unknown}


   Skills:
 - Level 3.0 Fighting
 + Level 7.0 Short Blades
 + Level 8.8 Dodging
 + Level 11.6 Stealth
 - Level 2.0 Unarmed Combat
 + Level 1.1 Spellcasting
 + Level 1.2 Conjurations
 + Level 1.2 Hexes


You had 7 spell levels left.
You knew the following spells:

 Your Spells              Type           Power      Damage    Failure   Level
a - Dazzling Flash        Conj/Hex       10%        N/A       34%         3

Your spell library contained the following spells:

 Spells                   Type           Power      Damage    Failure   Level
 Inner Flame              Hex/Fire       3%         N/A       43%         3
 Mephitic Cloud           Conj/Alch/Air  2%         N/A       45%         3
 Flame Wave               Conj/Fire      3%         2d5       83%         4
 Sticky Flame             Fire/Alch      1%         2d4       89%         4
 Curse of Agony           Necr           1%         N/A       99%         5
 Silence                  Hex/Air        1%         N/A       99%         5


Dungeon Overview and Level Annotations

Branches:
Dungeon (7/15)             Temple (1/1) D:7

Altars:
Ashenzari
Cheibriados
Dithmenos
Elyvilon
Fedhas
Hepliaklqana
Makhleb
Nemelex Xobeh
Okawaru
Qazlal
Ru
Sif Muna
Trog
Uskayaw
Vehumet
Wu Jian
Xom
Yredelemnul
Zin
Beogh

Shops:
D:7 *

Annotations:
D:3 3 runed translucent doors, Daunt's ghost, amateur MDFi
D:4 3 runed translucent doors, jasper's ghost, amateur MDFi


Innate Abilities, Weirdness & Mutations

You cannot wear most types of armour.
You are amphibious.
You can wear up to eight rings at the same time.
Your skin changes colour to match your surroundings (Stealth+).
Your rubbery body absorbs attacks. (AC +1, EV +1)
((You are camouflaged when in or above water. (Stealth+)))
You have tentacles for arms and can constrict up to eight enemies at once.


Message History

As you read the scroll of blinking, it crumbles to dust.
You feel very sick.
Unknown command.
Aiming: Iceblast
Press: ? - help, Shift-Dir - straight line, f - hornet
Aim: a hornet (moderately wounded, very poisoned)
The mass of ice explodes!
The iceblast engulfs the hornet but does no damage.
The hornet is moderately wounded.
You feel yourself speed up.
You feel sick. The hornet stings you!
* * * LOW HITPOINT WARNING * * *
You feel yourself slow down.
Unknown command.
You feel much better.
You feel yourself speed up.
You feel sick. The hornet stings you!
* * * LOW HITPOINT WARNING * * *
You are lethally poisoned!
You feel yourself slow down. The hornet misses you.
Unknown command.
You feel better.
You feel yourself speed up.
The hornet stings you but does no damage.
The hornet stings you!
* * * LOW HITPOINT WARNING * * *
You suddenly lose the ability to move!
The hornet completely misses you. The hornet stings you!
* * * LOW HITPOINT WARNING * * *
You feel yourself slow down. The hornet stings you.
* * * LOW HITPOINT WARNING * * *
You are lethally poisoned!
You feel as though you will be slow longer.
You can move again.
Okay, then.
Okay, then.
You barely miss the hornet. Your grab misses the hornet.
The hornet is almost dead.
You die...

.... ###.####.##
#∩...∩# ##. ....#
##.....##..# ##...## #.
......#.......#..#
#....# #.
....#.......#..###.†..#
#.
#.$..._.............#
#.
.?#.......#..########
###. #.......#.## #...
. ##.....##.# #...
....####.####@# #..#
............y.# #..#
.....########## #...
... #... . #... #...
#... #..# #...


You could see a hornet (poisoned).

Vanquished Creatures
  Pikel (D:5)
  A wraith (D:6)
  Eustachio (D:5)
  3 water moccasins
  An ice beast (D:5)
  2 sky beasts (D:7)
  2 black bears (D:4)
  2 orc warriors
  2 centaurs
  3 lemures (D:5)
  A bullfrog (D:7)
  2 scorpions
  3 bombardier beetles
  2 hounds
  6 orc priests
  2 gnoll boudas (D:6)
  2 iguanas (D:4)
  2 orc wizards
  11 gnolls
  15 adders
  4 dart slugs
  A ribbon worm (D:4)
  15 orcs
  8 endoplasms
  A giant cockroach (D:1)
  4 goblins
  15 hobgoblins
  2 jackals (D:3)
  3 quokkas
  7 ball pythons
  7 bats
  5 frilled lizards
  7 kobolds
  2 rats
145 creatures vanquished.

Vanquished Creatures (others)
  An orc wizard (D:6)
1 creature vanquished.

Grand Total: 146 creatures vanquished

Notes
Turn   | Place    | Note
-------+----------+-------------------------------------------
     0 | D:5      | zenocrate the Octopode Delver began the quest for the Orb.
     0 | D:5      | Reached XP level 1. HP: 16/16 MP: 1/1
    69 | D:5      | Noticed Eustachio
    86 | D:5      | Killed Eustachio
    87 | D:5      | Reached skill level 7 in Stealth
    87 | D:5      | Reached XP level 2. HP: 13/21 MP: 2/2
    87 | D:5      | Reached XP level 3. HP: 16/26 MP: 3/3
    87 | D:5      | Reached XP level 4. HP: 19/31 MP: 4/4
    87 | D:5      | Reached XP level 5. HP: 22/36 MP: 5/5
   180 | D:5      | Noticed a lemure
   180 | D:5      | Noticed a lemure
   180 | D:5      | Noticed a lemure
   181 | D:5      | Noticed Pikel
   181 | D:5      | Noticed a lemure
   191 | D:5      | Killed a lemure
   658 | D:2      | Reached skill level 8 in Stealth
   866 | D:1      | Reached XP level 6. HP: 42/42 MP: 6/6
  2253 | D:3      | Noticed Daunt's ghost (amateur MDFi)
  2256 | D:3      | Found a runed translucent gate.
  2290 | D:3      | Found a runed translucent gate.
  2290 | D:3      | Found a runed translucent gate.
  3315 | D:4      | Reached XP level 7. HP: 46/46 MP: 7/7
  3416 | D:4      | Reached skill level 5 in Dodging
  3484 | D:4      | Found a bloodstained altar of Trog.
  3570 | D:4      | Reached skill level 9 in Stealth
  3594 | D:4      | Reached skill level 1 in Unarmed Combat
  3729 | D:4      | Found a white marble altar of Elyvilon.
  3957 | D:4      | Found a runed translucent gate.
  3957 | D:4      | Identified the +7 hand axe "Wuppek" {spect, rC- rN++}
  3957 | D:4      | Identified the +6 chain mail of the Maze {rF+}
  3958 | D:4      | Found a runed translucent gate.
  3959 | D:4      | Found a runed translucent gate.
  3960 | D:4      | Noticed jasper's ghost (amateur MDFi)
  4071 | D:4      | Found a roughly hewn altar of Beogh.
  4131 | D:5      | Reached skill level 5 in Short Blades
  4131 | D:5      | Reached XP level 8. HP: 50/52 MP: 8/8
  4481 | D:5      | Found a glowing silver altar of Zin.
  4829 | D:5      | Killed Pikel
  4830 | D:5      | Reached skill level 10 in Stealth
  4830 | D:5      | Reached XP level 9. HP: 35/56 MP: 9/9
  5641 | D:6      | Found a hide-covered altar of Uskayaw.
  5788 | D:6      | Reached skill level 11 in Stealth
  6250 | D:6      | HP: 2/56 [wraith (13)]
  6704 | D:7      | Learned a level 3 spell: Dazzling Flash
  6716 | D:7      | Found a sparkling altar of Nemelex Xobeh.
  6842 | D:7      | Found a staircase to the Ecumenical Temple.
  6851 | Temple   | Entered the Ecumenical Temple
  7147 | D:7      | Found Houcest's CLEARANCE SALE!.
  7171 | D:7      | Bought a +2 rapier of venom for 67 gold pieces
  7171 | D:7      | Bought a potion of might for 16 gold pieces
  7171 | D:7      | Bought a scroll of identify for 8 gold pieces
  7186 | D:7      | Found an ornate altar of the Wu Jian Council.
  7372 | D:7      | Reached skill level 1 in Spellcasting
  7372 | D:7      | Reached skill level 1 in Conjurations
  7372 | D:7      | Reached skill level 1 in Hexes
  7537 | D:7      | Noticed a hornet
  7543 | D:7      | Paralysed by a hornet for 2 turns
  7547 | D:7      | HP: 1/56 [hornet (9)]
  7549 | D:7      | Paralysed by a hornet for 3 turns
  7552 | D:7      | Succumbed to a hornet's poison

Illustrated notes

Levels and vault maps discovered:
D:1:      zaba_arrival_water, layout_basic, serial_forest,
          infiniplex_forest_straight_3, infiniplex_forest_clump_tiny,
          infiniplex_forest_straight_2, infiniplex_forest_join,
          infiniplex_forest_lined_3, infiniplex_forest_clump_long,
          infiniplex_forest_clump_curved, minmay_pentomino_z4
D:2:      layout_loops_corners
D:3:      kennysheep_six_static_rooms, layout_basic, gammafunk_ghost_split,
          fountainhead, dreamdust_princess_bridge, palyth_stone_intersect
D:4:      layout_rooms, mainiacjoe_overflow_boulevard, trog_ov_bears_minmay,
          biasface_ghost_orc_armoury
D:5:      layout_loops_corners, overflow_temple_1_default, nicolae_sextant,
          kennysheep_generic_room_16, uniq_eustachio, uniq_pikel
D:6:      layout_rooms, eat_drink_and_be_merry_uskayaw
D:7:      layout_basic, old_standard_altar, nemelex_diamond_rough_becter,
          minmay_temple_entry_nine_rooms, grunt_decor_junction,
          minmay_misc_feat_chi, nicolae_shop_clearance
Temple:   nicolae_temple_bog_church

Skill      XL: |  1  2  3  4  5  6  7  8  9 |
---------------+----------------------------+-----
Short Blades   | 3 4 5 6 7 |  7.0
Dodging        | 3 4 5 7 8 |  8.8
Stealth        | 7 8 9 10 11 | 11.6
Unarmed Combat | 1 2 |  2.0
Spellcasting   | 1 |  1.1
Conjurations   | 1 |  1.2
Hexes          | 1 |  1.2
Fighting       | |  3.0

Action                     |  1- 3 |  4- 6 |  7- 9 || total
---------------------------+-------+-------+-------++-------
  Melee: Short sword       |     5 |   134 |       ||   139
         Tentacles         |     2 |    37 |    77 ||   116
         Constrict         |     1 |    33 |    46 ||    80
         Dagger            |       |    20 |   260 ||   280
         Rapier            |       |       |    17 ||    17
  Throw: Boomerang         |       |       |     1 ||     1
         Dart              |       |       |     4 ||     4
  Evoke: Wand              |       |       |    12 ||    12
    Use: Scroll            |       |     7 |     9 ||    16
         Potion            |       |     1 |     4 ||     5
   Stab: Sleeping          |     1 |    22 |    12 ||    35
         Distracted        |       |     3 |     1 ||     4
         Invisible         |       |       |     1 ||     1
 Armour: Skin              |     1 |    51 |   118 ||   170
  Dodge: Dodged            |     1 |    81 |   195 ||   277

Table legend: (Time is in decaauts)
 A = Elapsed time spent in this place.
 B = Non-inter-level travel time spent in this place.
 C = Inter-level travel time spent in this place.
 D = Time resting spent in this place.
 E = Time spent auto-exploring this place.
 F = Levels seen in this place.
 G = Mean time per level.
                   A        B        C        D        E       F      G
               +--------+--------+--------+--------+--------+-----+--------+
         Total |   7447 |   7266 |    181 |    209 |   5790 |   8 |  930.9 |
       Dungeon |   7445 |   7264 |    181 |    209 |   5790 |   7 | 1063.6 |
        Temple |      1 |      1 |      0 |      0 |      0 |   1 |    1.0 |
               +--------+--------+--------+--------+--------+-----+--------+

Top non-repeatable levels by time:
     D:5: 1483 daAuts
     D:6: 1095 daAuts
     D:3: 1064 daAuts
     D:7: 1026 daAuts
     D:1: 974 daAuts
     D:4: 950 daAuts
     D:2: 851 daAuts
  Temple: 1 daAuts
